 Dungeon Crawl Stone Soup version 0.25.1-2-g60ff931df9 (webtiles) character file.

Game seed: 9630044084176179977

98 Ch1lls the Chopper (level 4, -4/41 HPs)
             Began as a Hill Orc Berserker on Aug 3, 2020.
             Was a Believer of Trog.
             Slain by a worm (9 damage)
             ... on level 3 of the Dungeon.
             The game lasted 00:05:45 (1336 turns).

Ch1lls the Chopper (Hill Orc Berserker)             Turns: 1336, Time: 00:05:45

Health: -4/41      AC:  6    Str: 20    XL:     4   Next: 71%
Magic:  4/4        EV: 10    Int:  7    God:    Trog [**....]
Gold:   80         SH:  0    Dex: 10    Spells: 3/3 levels left

rFire    . . .     SeeInvis .   a - +0 hand axe
rCold    . . .     Gourm    .   (no shield)
rNeg     . . .     Faith    .   e - +0 scale mail
rPois    .         Spirit   .   (no helmet)
rElec    .         Reflect  .   (no cloak)
rCorr    .         Harm     .   (no gloves)
MR       .....                  (no boots)
Stlth    ..........             (no amulet)
HPRegen  0.13/turn              (no ring)
MPRegen  0.09/turn              (no ring)

@: no status effects
A: no striking features
a: Berserk, Trog's Hand, Renounce Religion


You were on level 3 of the Dungeon.
You worshipped Trog.
Trog was pleased with you.
You were hungry.

You visited 1 branch of the dungeon, and saw 3 of its levels.

You collected 80 gold pieces.

Inventory:

Hand Weapons
 a - a +0 hand axe (weapon)
Armour
 b - a +0 animal skin
 e - a +0 scale mail (worn)
Scrolls
 g - 2 scrolls of remove curse {unknown}
 i - a scroll of magic mapping {unknown}
 k - 3 scrolls of enchant weapon {unknown}
Potions
 f - a potion of stabbing {unknown}
 h - a potion of lignification {unknown}
 j - a potion of curing {unknown}
Comestibles
 c - 4 rations
 d - 2 chunks of flesh


   Skills:
 + Level 4.5 Fighting
 + Level 5.4 Axes
 + Level 3.1 Armour
 + Level 1.9 Dodging


You had 3 spell levels left.
You didn't know any spells.
Your spell library was empty.

Dungeon Overview and Level Annotations

Branches:
Dungeon (3/15)

Altars:
Vehumet


Message History

You barely miss the rat. You hit the bat.
You kill the bat!
Trog accepts your kill. The rat barely misses you.
You closely miss the rat. The rat barely misses you.
A worm comes into view.
You hit the rat but do no damage.
The rat bites you but does no damage. x2
You barely miss the rat. The rat closely misses you.
You hit the rat.
You kill the rat!
Trog accepts your kill.
You are feeling hungry.
The worm bites you but does no damage. The worm bites you.
* * * LOW HITPOINT WARNING * * *
You barely miss the worm. You slash the worm!
The worm is heavily wounded.
The worm bites you!
You die...

... .... #.#.## ♣
#.#.. ♣ ♣♣#. #.#.#
#.#.#. #.#.# #
#.....##?#.# .#
.........#)##.####
#...w@...†......
#..>........####
#.##.###.##.#
#........# .#
####.##.# # # #.#
#.# #.# #.#


You could see a worm.

Vanquished Creatures
  An orc priest (D:3)
  An adder (D:2)
  A shadow imp (D:2)
  A worm (D:2)
  3 dart slugs (D:1)
  3 leopard geckos (D:2)
  4 orcs (D:3)
  2 giant cockroaches
  5 goblins
  4 hobgoblins (D:2)
  A kobold (D:1)
  2 ball pythons (D:1)
  3 bats
  10 rats
41 creatures vanquished.

Notes
Turn   | Place    | Note
-------+----------+-------------------------------------------
     0 | D:1      | Ch1lls the Hill Orc Berserker began the quest for the Orb.
     0 | D:1      | Reached XP level 1. HP: 19/19 MP: 1/1
    81 | D:1      | Reached XP level 2. HP: 24/27 MP: 2/2
   600 | D:2      | Reached XP level 3. HP: 24/33 MP: 3/3
   620 | D:2      | Reached ** piety under Trog
   865 | D:2      | Found a radiant altar of Vehumet.
   880 | D:2      | Reached skill level 5 in Axes
  1222 | D:2      | Reached XP level 4. HP: 41/41 MP: 4/4
  1284 | D:3      | HP: 2/41 [orc priest/divine providence (12)]
  1336 | D:3      | Slain by a worm

Illustrated notes

Levels and vault maps discovered:
D:1:      dpeg_arrival_more_subterranean_lakeside_camping, layout_rooms,
          st_stairs_10
D:2:      layout_loops_corners, vehumet_crystals, first_ration
D:3:      layout_basic, serial_forest, infiniplex_forest_lined_2,
          infiniplex_forest_end_1, infiniplex_forest_zigzag_2,
          infiniplex_forest_straight_5, infiniplex_forest_lined_room_2,
          infiniplex_forest_end_double, infiniplex_forest_lined_3

Skill      XL: |  1  2  3  4 |
---------------+-------------+-----
Fighting       | 4 |  4.5
Axes           | 5 |  5.4
Armour         | 3 |  3.1
Dodging        | |  1.9

Action                   |  1- 3 |  4- 6 || total
-------------------------+-------+-------++-------
Melee: Hand axe          |   106 |    23 ||   129
  Eat: Chunk             |     1 |       ||     1
Armor: Animal skin       |     3 |       ||     3
       Scale mail        |    33 |    14 ||    47
Dodge: Dodged            |    51 |    20 ||    71
